 Dungeon Crawl Stone Soup version 0.18-a0-721-g8fc53f4 (webtiles) character file.

169 xeno23 the Insei (level 5, -4/42 HPs)
             Began as a Human Monk on Dec 8, 2015.
             Killed from afar by an orc wizard (16 damage)
             ... with a puff of frost
             ... on level 3 of the Dungeon.
             The game lasted 00:05:26 (2189 turns).

xeno23 the Insei (Human Monk)                       Turns: 2189, Time: 00:05:26

Health: -4/42      AC:  8    Str: 11    XL:     5   Next: 79%
Magic:  5/5        EV:  6    Int: 11    God:
Gold:   228        SH:  0    Dex: 16    Spells: 0 memorised, 4 levels left

rFire  + . .     SeeInvis .       - Unarmed
rCold  x . .     Clarity  .     m - +0 chain mail {rPois}
rNeg   . . .     SustAt   .     (no shield)
rPois  +         Gourm    .     (no helmet)
rElec  .         Spirit   .     (no cloak)
rCorr  .         Dismiss  .     (no gloves)
rMut   .         Stasis   .     (no boots)
MR     .....                    (no amulet)
Stlth  ..........               h - ring of stealth
                                e - ring of fire

@: not resistant to hostile enchantments, extremely unstealthy
A: no striking features
a: no special abilities


You were on level 3 of the Dungeon.
You were not hungry.

You visited 1 branch of the dungeon, and saw 3 of its levels.

You collected 228 gold pieces.

Inventory:

Hand Weapons
 r - a cursed -1 blowgun
Missiles
 i - 23 poisoned needles
Armour
 a - a +0 robe
 m - a +0 chain mail of poison resistance (worn)
Jewellery
 e - a ring of fire (left hand)
 h - a ring of stealth (right hand)
Scrolls
 c - 4 scrolls of teleportation {unknown}
 d - 4 scrolls of identify {unknown}
 g - a scroll of fear {unknown}
 j - 3 scrolls of amnesia {unknown}
 k - a scroll of fog {unknown}
Potions
 n - 2 potions of curing {unknown}
 o - a potion of agility {unknown}
 q - a potion of heal wounds {unknown}
Comestibles
 b - 2 bread rations
 f - a royal jelly
 p - a meat ration


   Skills:
 + Level 3.9 Fighting
 + Level 0.4 Armour
 + Level 4.1 Dodging
 - Level 2.0 Stealth
 * Level 5.2 Unarmed Combat


You had 4 spell levels left.
You didn't know any spells.

Dungeon Overview and Level Annotations

Branches:
Dungeon (3/15)

Altars:


Message History

The orc wizard hits you but does no damage.
You take 15 damage.
You barely miss the orc wizard.
The orc wizard is heavily wounded.
The orc hits you but does no damage. The orc wizard barely misses you.
You hit the orc wizard but do no damage.
The orc wizard is heavily wounded.
The orc wizard hits you but does no damage.
The orc hits you but does no damage.
You closely miss the orc wizard.
The orc wizard is heavily wounded.
The orc wizard casts a spell at you. The puff of frost misses you.
The orc hits you but does no damage.
The orc wizard hits you but does no damage.
You hit the orc wizard.
The orc wizard is severely wounded.
The orc barely misses you.
The orc wizard gestures at you while chanting.
The puff of frost hits you!
You feel a terrible chill!
You die...

# #.# #...)........ #.
####.###...†........
####.##...................
........##.###............
o.......##.# #............
......o.##)# #............
####.#.....# #............
.......#oo# ######..###.#
...)o..#@.# #..# #.#
........#..# ##.# #.#
####.#..#..# #.# #.# ..
#.#..#..# #.# #.# #.
#.#..#..# #.# #.# #.#
#.#..#..#########.###.#
#.###.#<.............>.....
#..........###########.###.
#...............# #.#...


You could see an orc wizard and an orc.

Vanquished Creatures
  Jessica (D:3)
  Ijyb (D:3)
  4 adders (D:2)
  2 oozes
  2 giant geckos
  3 orcs (D:3)
  9 bats
  2 giant cockroaches
  6 goblins
  6 hobgoblins
  2 quokkas (D:2)
  9 ball pythons
  4 giant newts
  9 kobolds
  8 rats
  2 fungi (D:2)
70 creatures vanquished.

Notes
Turn   | Place    | Note
--------------------------------------------------------------
     0 | D:1      | xeno23 the Human Monk began the quest for the Orb.
     0 | D:1      | Reached XP level 1. HP: 18/18 MP: 1/1
   198 | D:1      | Reached XP level 2. HP: 13/24 MP: 2/2
   699 | D:1      | Reached XP level 3. HP: 29/29 MP: 3/3
  1151 | D:2      | Reached XP level 4. HP: 25/35 MP: 4/4
  1617 | D:2      | Reached skill level 5 in Unarmed Combat
  1620 | D:2      | Reached XP level 5. HP: 23/41 MP: 5/5
  1909 | D:3      | Noticed Jessica
  1925 | D:3      | Killed Jessica
  2001 | D:3      | Noticed Ijyb
  2032 | D:3      | Killed Ijyb
  2189 | D:3      | Killed from afar by an orc wizard

Vault maps used:
D:1:      co_arrival_square_in_a_square_in_a_square
D:2:      minmay_shallow_snake_nest
D:3:      first_bread, uniq_iyjb, uniq_jessica

Action                   |  1- 3 |  4- 6 || total
-------------------------+-------+-------++-------
Melee: Unarmed           |   125 |   175 ||   300
 Stab: Sleeping          |     5 |     2 ||     7
  Eat: Chunk             |     1 |     3 ||     4
